 Dungeon Crawl Stone Soup version 0.25-a0-834-g55863b0b92 (webtiles) character file.

Game seed: 12993558085782121900, levelgen mode: deterministic

182 Maedhros the Sneak (level 5, -1/33 HPs)
             Began as an Octopode Artificer on Apr 23, 2020.
             Was an Initiate of Cheibriados.
             Succumbed to a worker ant's poison
             ... on level 4 of the Dungeon.
             The game lasted 00:01:45 (860 turns).

Maedhros the Sneak (Octopode Artificer)              Turns: 860, Time: 00:01:45

Health: -1/33      AC:  1    Str: 10 (12) XL:     5   Next: 61%
Magic:  8/8        EV: 13    Int: 13 (15) God:    Cheibriados [......]
Gold:   49         SH:  0    Dex: 13 (14) Spells: 4/4 levels left

rFire    . . .     SeeInvis .   g - +1 quarterstaff (vorpal)
rCold    . . .     Gourm    .   (shield currently unavailable)
rNeg     . . .     Faith    .   (helmet restricted)
rPois    .         Spirit   .   (no amulet)
rElec    .         Reflect  .   (no ring)
rCorr    .         Harm     .   (no ring)
MR       .....                  (no ring)
Stlth    ++++......             (no ring)
HPRegen  0.11/turn              (no ring)
MPRegen  0.11/turn              (no ring)
                                (no ring)
                                (no ring)

@: lethally poisoned (-1 -> -30), slow
A: almost no armour, stealthy swim, amphibious, 8 rings, constrict 8, camouflage
1, gelatinous body 1
a: Bend Time, Renounce Religion


You were on level 4 of the Dungeon.
You worshipped Cheibriados.
Cheibriados was noncommittal.
You were not hungry.

You visited 2 branches of the dungeon, and saw 5 of its levels.

You collected 49 gold pieces.

Inventory:

Hand Weapons
 a - a +0 short sword
 g - a +1 vorpal quarterstaff (weapon)
Missiles
 h - 7 boomerangs of dispersal (quivered)
Wands
 b - a wand of flame (9)
 c - a wand of enslavement (14)
 d - a wand of random effects (14)
Comestibles
 f - a ration


   Skills:
 - Level 1.0 Fighting
 - Level 1.0 Short Blades
 - Level 2.0 Dodging
 + Level 5.4 Stealth
 + Level 5.2 Evocations


You had 4 spell levels left.
You didn't know any spells.
Your spell library was empty.

Dungeon Overview and Level Annotations

Branches:
Dungeon (4/15)             Temple (1/1) D:4

Altars:
Cheibriados
Dithmenos
Gozag
Nemelex Xobeh
Wu Jian
Zin

Annotations:
D:3 1 transporter, Grinder; plasma188's ghost, amateur HOSu


Innate Abilities, Weirdness & Mutations

You cannot wear most types of armour.
You are very stealthy in the water. (Stealth+)
You are amphibious.
You can wear up to eight rings at the same time.
You can use your tentacles to constrict eight enemies at once.
Your skin changes colour to match your surroundings (Stealth+).
Your rubbery body absorbs attacks. (AC +1, EV +1)


Message History

* * * LOW HITPOINT WARNING * * *
The howler monkey skeleton barely misses you.
The worker ant bites you.
* * * LOW HITPOINT WARNING * * *
You are more poisoned.
The worker ant poisons you!
The howler monkey skeleton closely misses you.
You hit the worker ant.
You squeeze the worker ant, but do no damage.
The worker ant is heavily wounded.
You constrict the worker ant.
* * * LOW HITPOINT WARNING * * *
You feel very sick. The worker ant barely misses you.
The howler monkey skeleton misses you. The worker ant barely misses you.
You aren't carrying any potions.
You completely miss the worker ant.
The worker ant is severely wounded.
You constrict the worker ant.
You die...

.# #...........
..##...........
............... #.............
#............ #...........
#.Za.....###+### #..@..>#
#.....# #...#### #.....#
....... ##..# ###.....#
......## #..####.'..>..+
#......# #...##..#.....#
......# ##..##..#.....#
#.....## ##...#..#.....#
#......# ####.......###'###.#
#......####..................#


You could see a worker ant and a howler monkey skeleton.

Vanquished Creatures
  2 orc wizards (D:4)
  2 adders (D:2)
  2 oozes
  An adder skeleton (D:4)
  A leopard gecko (D:4)
  2 orcs (D:4)
  A giant cockroach (D:2)
  A goblin (D:2)
  3 hobgoblins (D:2)
  A ball python skeleton (D:4)
  A bat (D:1)
  A jackal skeleton (D:3)
  2 kobolds
  2 rats (D:2)
22 creatures vanquished.

Vanquished Creatures (collateral kills)
  An ogre (D:4)
1 creature vanquished.

Grand Total: 23 creatures vanquished

Notes
Turn   | Place    | Note
-------+----------+-------------------------------------------
     0 | D:1      | Maedhros the Octopode Artificer began the quest for the
                  | Orb.
     0 | D:1      | Reached XP level 1. HP: 13/13 MP: 3/3
   100 | D:2      | Reached XP level 2. HP: 13/18 MP: 4/4
   242 | D:2      | Found a sparkling altar of Nemelex Xobeh.
   258 | D:2      | Reached XP level 3. HP: 20/23 MP: 4/6
   602 | D:3      | Noticed Grinder
   610 | D:3      | Found a transporter.
   610 | D:3      | Noticed plasma188's ghost (amateur HOSu)
   694 | D:4      | Reached XP level 4. HP: 27/28 MP: 7/7
   786 | D:4      | Found a staircase to the Ecumenical Temple.
   793 | Temple   | Entered the Ecumenical Temple
   810 | Temple   | Became a worshipper of Cheibriados the Contemplative
   839 | D:4      | Noticed an ogre
   847 | D:4      | HP: 1/28 [ogre/+0 giant club (27)]
   849 | D:4      | Killed an ogre
   849 | D:4      | Reached skill level 5 in Stealth
   849 | D:4      | Reached skill level 5 in Evocations
   849 | D:4      | Reached XP level 5. HP: 33/33 MP: 8/8
   860 | D:4      | Succumbed to a worker ant's poison

Levels and vault maps discovered:
D:1:      lightli_arrival_noodles, layout_rooms
D:2:      layout_loops_corners, nemelex_xobeh_ov_fountains_minmay,
          lemuel_crystal_altar, hangedman_decor_riveting, grunt_ministairs_6,
          kennysheep_cross_bottleneck
D:3:      layout_basic, first_ration, gammafunk_ghost_mausoleum, serial_rivers,
          chequers_serial_rivers_small_b, chequers_serial_rivers_micro_c,
          chequers_serial_rivers_micro_c, chequers_serial_rivers_micro_b,
          chequers_serial_rivers_marsh, chequers_serial_rivers_marsh,
          uniq_sigmund, uniq_grinder, uniq_robin
D:4:      layout_cave_pods, temple_green
Temple:   nicolae_temple_hex_pool

Skill      XL: |  1  2  3  4 |
---------------+-------------+-----
Stealth        | 2 3 4 5 |  5.4
Evocations     | 4 5 |  5.2
Fighting       | |  1.0
Short Blades   | |  1.0
Dodging        | |  2.0

Action                   |  1- 3 |  4- 6 || total
-------------------------+-------+-------++-------
Melee: Short sword       |    16 |       ||    16
       Constrict         |     9 |     3 ||    12
       Tentacles         |     6 |     5 ||    11
       Quarterstaff      |    22 |    16 ||    38
Evoke: Wand              |     1 |     7 ||     8
  Use: Potion            |       |     2 ||     2
 Stab: Sleeping          |     2 |       ||     2
Armor: Skin              |     2 |     1 ||     3
Dodge: Dodged            |    28 |    14 ||    42

Table legend:
 A = Non-vault XP
 B = Vault XP
 C = Vault XP percentage of total XP
 D = Non-vault monster count
 E = Vault monster count
 F = Vault count percentage of total count
                 A         B        C        D         E       F
            +---------+---------+-------+---------+---------+-------
      Total |     256 |       4 |   1.5 |      21 |       2 |   8.7
            +---------+---------+-------+---------+---------+-------
        D:1 |       9 |       0 |   0.0 |       3 |       0 |   0.0
        D:2 |      44 |       4 |   8.3 |       9 |       2 |  18.2
        D:3 |       1 |       0 |   0.0 |       1 |       0 |   0.0
        D:4 |     202 |       0 |   0.0 |       8 |       0 |   0.0
            +---------+---------+-------+---------+---------+-------
